← All builds
Suicide front / Armada / Factory first / OBSERVED BUILD

Standard suicide front

Armada Suicide front build order · Supreme Isthmus

The role's baseline: Bot Lab at 0:21 then straight into reclaim-fed T1 bot production to contest the middle and hold until T2 arrives, with an Advanced Metal Extractor around 9:45.

#rush · 2028 distinct matches · 233 players · 72% of Armada Suicide front games · team won 59% of 2406 · Recently observed

HOW TO PLAY IT

Key timing: Bot Lab by 0:20

  1. Open with mex and lab-first to get Bot Lab up by 0:20.
  2. Expand mex and wind while lab pumps units toward middle.
  3. Push Sentry and early Rocketeer, Centurion to contest middle.
  4. Get T2 constructor out once Pond's boost lets you spare metal.
  5. Upgrade mex to Advanced Metal Extractor as you transition off T1 spam.

Phase by phase

TYPICAL OF ITS 2028 GAMES
  1. 1
  2. 2
  3. 3
PLAY THE OPENING

Follow the example game's first 6:00 step by step: what to build now, what comes next, and where it goes. At 1× it keeps pace with your own game.

  1. 1

    Bot Lab first

    Order
    1. Bot LabBot Lab done ~0:24, middle half 0:20–0:33

    Some games also: mex (44%)

  2. 2

    Bot Lab to 5:00

    Economy
    • Metal Extractor5Mex
    • Wind Turbine4Wind
    Builders
    • Construction Bot3 Con bot
    • Lazarus2 Lazarus
    Army
    • Sentry4 Sentry
    • Rocketeer16 Rocketeer
    • Tick2 Tick
    • Centurion1 Centurion
    Other
    • Radar Tower1 Radar Tower

    Some games also: pawn (38%) · con turret (34%)

    By 5:00 in all: 5 mex · 4 wind

    The example game in this phase · 29 steps
    1. LazarusLazarus
    2. TickTick
    3. LazarusLazarus
    4. Construction BotCon bot ×2
    5. Radar TowerRadar Tower
    6. SentrySentry
    7. Construction BotCon bot
    8. Mex
    9. CenturionCenturion
    10. Mex
    11. RocketeerRocketeer ×2
    12. SentrySentry
    13. RocketeerRocketeer
    14. Mex ×2
    15. RocketeerRocketeer
    16. SentrySentry
    17. RocketeerRocketeer ×3
    18. LazarusLazarus
    19. RocketeerRocketeer ×3
    20. CenturionCenturion
    21. Construction BotCon bot
    22. BeamerBeamer
    23. LazarusLazarus
    24. SentrySentry
    25. RocketeerRocketeer
    26. Wind
    27. RocketeerRocketeer ×3
    28. Wind
    29. RocketeerRocketeer
  3. 3

    5:00 to 10:00

    Economy
    • Metal Extractor1Mex
    • Wind Turbine15Wind
    Builders
    • Construction Turret2 Con turret
    • Lazarus2 Lazarus
    • Construction Bot1 Con bot
    Army
    • Sentry1 Sentry
    • Rocketeer8 Rocketeer

    Some games also: pawn (49%) · Radar Tower (46%) · tick (45%) · centurion (44%) · energy storage (42%) · eat Bot Lab (31%)

    By 10:00 in all: 6 mex · 21 wind · 1 energy storage · 2 con turret

    The example game in this phase · 192 steps
    1. RocketeerRocketeer ×2
    2. Wind
    3. RocketeerRocketeer ×3
    4. Wind
    5. RocketeerRocketeer ×3
    6. Wind
    7. RocketeerRocketeer
    8. Wind
    9. RocketeerRocketeer
    10. Mex
    11. CenturionCenturion
    12. Energy storage
    13. Dragon's TeethDragon's Teeth ×3
    14. Construction BotCon bot
    15. Dragon's TeethDragon's Teeth ×3
    16. LazarusLazarus
    17. Dragon's TeethDragon's Teeth ×3
    18. RocketeerRocketeer
    19. Dragon's TeethDragon's Teeth ×3
    20. Converter
    21. RocketeerRocketeer
    22. Dragon's TeethDragon's Teeth ×2
    23. RocketeerRocketeer ×2
    24. CenturionCenturion
    25. Construction BotCon bot
    26. Con turret
    27. LazarusLazarus
    28. CenturionCenturion
    29. Advanced Metal ExtractorT2 mexdone 9:39 · typical 9:46
    30. CenturionCenturion
    31. Construction BotCon bot
    32. Advanced Metal ExtractorT2 mex
    33. LazarusLazarus
    34. TickTick ×2
    35. Advanced Metal ExtractorT2 mex
    36. TickTick
    37. Advanced Metal ExtractorT2 mex
    38. TickTick ×5
    39. Wind
    40. TickTick ×2
    41. Wind
    42. TickTick ×2
    43. Con turret
    44. Wind
    45. TickTick
    46. Advanced Metal ExtractorT2 mex
    47. TickTick
    48. Wind
    49. TickTick
    50. Con turret
    51. Wind
    52. TickTick
    53. Con turret
    54. TickTick ×2
    55. Vehicle PlantVehicle Plantdone 11:31
    56. TickTick
    57. Wind
    58. BlitzBlitz
    59. TickTick
    60. Wind
    61. BlitzBlitz
    62. Construction BotCon bot
    63. Wind
    64. BlitzBlitz
    65. LazarusLazarus
    66. BlitzBlitz
    67. TickTick
    68. Wind
    69. BlitzBlitz
    70. TickTick
    71. Wind
    72. TickTick ×2
    73. Wind
    74. BlitzBlitz
    75. TickTick ×2
    76. BlitzBlitz
    77. TickTick
    78. Wind
    79. BlitzBlitz
    80. TickTick ×2
    81. BlitzBlitz
    82. Wind
    83. TickTick
    84. BlitzBlitz
    85. TickTick ×2
    86. Wind
    87. BlitzBlitz
    88. TickTick
    89. Wind
    90. TickTick
    91. BlitzBlitz
    92. TickTick ×2
    93. BlitzBlitz
    94. TickTick
    95. BlitzBlitz
    96. TickTick ×2
    97. BlitzBlitz
    98. TickTick
    99. Wind
    100. BlitzBlitz
    101. Construction BotCon bot
    102. BlitzBlitz
    103. Wind
    104. LazarusLazarus
    105. BlitzBlitz
    106. TickTick
    107. BlitzBlitz
    108. TickTick
    109. Wind
    110. TickTick
    111. BlitzBlitz
    112. TickTick
    113. Wind
    114. TickTick
    115. BlitzBlitz
    116. TickTick
    117. Wind
    118. TickTick
    119. Wind
    120. TickTick
    121. BlitzBlitz
    122. TickTick
    123. Wind
    124. TickTick
    125. BlitzBlitz
    126. TickTick
    127. BlitzBlitz
    128. TickTick
    129. Wind
    130. TickTick
    131. BlitzBlitz
    132. TickTick
    133. BlitzBlitz
    134. TickTick
    135. Wind
    136. TickTick
    137. BlitzBlitz
    138. TickTick
    139. Wind
    140. TickTick
    141. BlitzBlitz
    142. TickTick ×2
    143. BlitzBlitz
    144. Construction BotCon bot
    145. Wind
    146. BlitzBlitz
    147. Con turret
    148. Construction BotCon bot
    149. BlitzBlitz
    150. Wind
    151. LazarusLazarus
    152. BlitzBlitz
    153. TickTick
    154. Wind
    155. BlitzBlitz
    156. TickTick ×2
    157. BlitzBlitz
    158. TickTick
    159. Wind
    160. TickTick
    161. BlitzBlitz
    162. TickTick
    163. Wind
    164. NettleNettle
    165. TickTick
    166. Wind
    167. BlitzBlitz
    168. TickTick ×2
    169. NettleNettle
    170. Fusion ReactorFusionnot finished by 15:00
    171. BlitzBlitz
    172. TickTick
    173. Wind
    174. TickTick
    175. Wind ×2
    176. NettleNettle
    177. TickTick
    178. Wind
    179. BlitzBlitz
    180. TickTick
    181. BlitzBlitz
    182. TickTick
    183. Wind
    184. BlitzBlitz
    185. TickTick
    186. BlitzBlitz
    187. TickTick ×2
    188. Wind
    189. BlitzBlitz
    190. TickTick
    191. Wind
    192. Converter

Counts are medians over the build's games: half of them build more, half fewer. The example game is AcquiredTaste's (31 OS, 06/10/2026); pick another.

Team trades

IN AT LEAST 30% OF ITS GAMES

You hand over

Nothing regular.

You get

  • Tidal Generator4 Tidal from Pondfirst at 0:10 · in 68% of games
  • Advanced Construction Bot1 T2 con bot from Geo or Techfirst at 7:41 · in 57% of games

How it plays out

Typical game of this build, running totals by minute

Metal produced

010k20k
0:005:0010:0015:00

metal

Enemy metal destroyed

05k10k
0:005:0010:0015:00

metal

Own metal lost

05k10k
0:005:0010:0015:00

metal

2406 games.

Show as table
ByMetal produced: This buildEnemy metal destroyed: This buildOwn metal lost: This build
1:0023000
2:0088700
3:002008184130
4:003109645501
5:00418413531000
6:00534721831707
7:00654330512589
8:00776039363499
9:00904646894375
10:001041253125161
11:001188958585966
12:001357864076686
13:001539668767455
14:001729675048213
15:001925281069007
WHAT THE NUMBERS SAY

Standard Suicide front play wins a bit over half its games while taking the heaviest own losses of any role by 15:00.

  • + Produces 20142 metal by 15:00, highest of the front roles.
  • + First kill by 2:01 in all games, fastest contest of middle.
  • − Own metal lost hits 9178 by 15:00, more than enemy metal destroyed.
  • − Only 34% Rocketeer share shows army spread thin across many bot types.
THE EXAMPLE YOU ARE READING

AcquiredTaste

30.7 OS · 06/10/2026

Open source match ↗

6 received units · includes a constructor
73 metal received · 40834 energy received

Allied construction assistance is unknown. Timings are observations, not a promise of solo reproducibility.

Typical milestones

Bot Lab0:24Middle 50%: 0:20–0:33 · n=2398
Advanced Metal Extractor9:46Middle 50%: 8:50–10:58 · n=1738

Played most by

_X_262games of this buildPlatinumBlonde188games of this buildXad166games of this buildTrapCaT109games of this buildSoliloqueur81games of this build